 Dungeon Sprint DCSS version 0.18.1-6-gd335043 (webtiles) character file.

2065 Hipnos the Transmogrifier (level 9, -14/90 HPs)
             Began as a Grey Draconian Transmuter on May 20, 2016.
             Was an Elder of Sif Muna.
             Killed from afar by a smoke demon (34 damage)
             ... with a ball of steam
             ... summoned by a kobold demonologist
             ... in the Dungeon (Sprint I: "Red Sonja").
             The game lasted 00:04:17 (1077 turns).

Hipnos the Transmogrifier (DrTm)                    Turns: 1077, Time: 00:04:18

Health: -14/90     AC:  6    Str: 15    XL:     9   Next: 5%
Magic:  16/20      EV: 13    Int: 13    God:    Sif Muna [****..]
Gold:   621        SH:  0    Dex: 13    Spells: 4 memorised, 13 levels left

rFire  x . .     SeeInvis .       - Unarmed
rCold  + + +     Gourm    .     (armour unavailable)
rNeg   . . .     Faith    .     (shield currently unavailable)
rPois  +         Spirit   .     (helmet currently unavailable)
rElec  .         Dismiss  .     (cloak currently unavailable)
rCorr  .         Reflect  .     (gloves currently unavailable)
SustAt .         Harm     .     (boots currently unavailable)
MR     +....     NoTele   +     (no amulet)
Stlth  +.........               (no ring)
                                k - ring of protection from magic

@: ice-form, somewhat resistant to hostile enchantments, very unstealthy
A: (walk through water), unfitting armour, frail 1, (unbreathing),
(cold-blooded), AC +12
a: End Transformation, Channel Energy, Forget Spell, Renounce Religion


You were in the Dungeon.
You worshipped Sif Muna.
Sif Muna was greatly pleased with you.
You were not hungry.
You were a creature of crystalline ice.
You visited 1 branch You collected 621 gold pieces.

Inventory:

Missiles
 a - 10 arrows
Jewellery
 k - a ring of protection from magic (left front paw)
Scrolls
 e - a scroll of summoning {unknown}
 i - a scroll of blinking
 l - 3 scrolls of identify {unknown}
Potions
 d - a potion of curing
 f - a potion of haste
 g - 2 potions of magic
 m - a potion of lignification {unknown}
Books
 b - a book of Changes

   Spells                             Type                      Level
   a - Beastly Appendage              Transmutation                1
   b - Sticks to Snakes               Transmutation                2
   c - Spider Form                    Transmutation/Poison         3
   d - Ice Form                       Ice/Transmutation            4
   e - Blade Hands                    Transmutation                5


   Skills:
 * Level 9.6 Fighting
 + Level 7.3 Dodging
 + Level 9.8 Unarmed Combat
 + Level 7.7 Spellcasting
 * Level 11.6 Transmutations
 + Level 1.2 Ice Magic
 - Level 0.2 Poison Magic


You had 13 spell levels left.
You knew the following spells:

 Your Spells              Type           Power        Failure   Level  Hunger
a - Beastly Appendage     Trmt           #####.       1%          1    None
b - Sticks to Snakes      Trmt           #####...     1%          2    None
c - Spider Form           Trmt/Pois      ###.......   4%          3    ##.....
d - Ice Form              Ice/Trmt       ###.....     12%         4    ####...


Dungeon Overview and Level Annotations

Branches:
Dungeon (1/1)

Altars:
Cheibriados
Dithmenos
Elyvilon
Fedhas
Gozag
Kikubaaqudgha
Makhleb
Nemelex Xobeh
Okawaru
Pakellas
Qazlal
Ru
Sif Muna
Trog
Vehumet
Xom
Yredelemnul
Zin
The Shining One
Jiyva

Shops:
D }![


Innate Abilities, Weirdness & Mutations

((You can walk through water.))
((Your dull iron-grey scales are very hard (AC +12).))
Your body does not fit into most forms of armour.
((You can survive without breathing.))
((You are cold-blooded and may be slowed by cold attacks.))
You are frail (-10% HP).


Message History

You pummel the kobold demonologist!! You freeze the kobold demonologist.
The kobold demonologist is almost dead.
The sixfirhy completely misses you.
The sixfirhy hits you but does no damage. x2
The kobold demonologist barely misses you.
The neqoxec gestures at you.
Strange energies course through your body.
You feel frail. The smoke demon hits you.
The smoke demon completely misses you. The smoke demon barely misses you.
The sixfirhy misses you.
You hit the kobold demonologist but do no damage.
The kobold demonologist is almost dead.
The sixfirhy hits you! The sixfirhy shocks you!
* * * LOW HITPOINT WARNING * * *
The sixfirhy misses you.
The kobold demonologist hits you with a dagger.
* * * LOW HITPOINT WARNING * * *
The smoke demon gestures at you. The ball of steam hits you!
The steam scalds you terribly!
You die...

####################
)..#.)'..#__#..34K.#
#..'..#..'..'..#Y3.#
##'#####'#__####...+
#..#...#.#### #####
####..##(#
___##'#..+
∩...'.(._#
.._##_.#'#
___###'#.# ###
######(####+###(##


You could see a kobold demonologist, a sixfirhy, a smoke demon and a neqoxec.

Vanquished Creatures
  Sonja (D)
  A deep troll (D)
  A kobold demonologist (D)
  A slime creature (D)
  A yak (D)
  Sigmund (D)
  A giant eyeball (D)
  An ogre (D)
  A jelly (D)
  Ijyb (D)
10 creatures vanquished.

Vanquished Creatures (others)
  A gargoyle (D)
1 creature vanquished.

Grand Total: 11 creatures vanquished

Notes
Turn   | Place    | Note
--------------------------------------------------------------
     0 | D        | Hipnos the Draconian Transmuter began the quest for the Orb.
     0 | D        | Reached XP level 1. HP: 16/16 MP: 3/3
     2 | D        | Noticed Ijyb
    57 | D        | Killed Ijyb
    57 | D        | Reached skill level 3 in Transmutations
    57 | D        | Reached XP level 2. HP: 7/25 MP: 2/5
    62 | D        | Learned a level 2 spell: Sticks to Snakes
   281 | D        | Noticed an ogre
   293 | D        | Killed an ogre
   293 | D        | Reached skill level 5 in Unarmed Combat
   293 | D        | Reached skill level 4 in Transmutations
   293 | D        | Reached XP level 3. HP: 33/33 MP: 1/8
   293 | D        | Reached XP level 4. HP: 40/40 MP: 1/9
   308 | D        | Learned a level 3 spell: Spider Form
   364 | D        | Noticed Sigmund
   371 | D        | Killed Sigmund
   371 | D        | Reached skill level 5 in Fighting
   371 | D        | Reached skill level 6 in Transmutations
   371 | D        | Reached XP level 5. HP: 48/48 MP: 6/11
   407 | D        | Found a deep blue altar of Sif Muna.
   409 | D        | Found a radiant altar of Vehumet.
   413 | D        | Reached skill level 7 in Transmutations
   413 | D        | Reached XP level 6. HP: 53/57 MP: 8/12
   416 | D        | Became a worshipper of Sif Muna the Loreminder
   436 | D        | Found Ethraj's Distillery.
   436 | D        | Found a white marble altar of Elyvilon.
   436 | D        | Found a stormy altar of Qazlal.
   436 | D        | Found a burning altar of Makhleb.
   436 | D        | Found a sacrificial altar of Ru.
   436 | D        | Found an oddly glowing altar of Pakellas.
   436 | D        | Found a basalt altar of Yredelemnul.
   436 | D        | Found a glowing golden altar of the Shining One.
   436 | D        | Found a sparkling altar of Nemelex Xobeh.
   436 | D        | Found a shimmering altar of Xom.
   436 | D        | Found an opulent altar of Gozag.
   436 | D        | Found an ancient bone altar of Kikubaaqudgha.
   436 | D        | Found a glowing silver altar of Zin.
   436 | D        | Noticed a yak
   442 | D        | Killed a yak
   442 | D        | Reached * piety under Sif Muna
   442 | D        | Reached skill level 5 in Dodging
   442 | D        | Reached skill level 5 in Spellcasting
   442 | D        | Reached skill level 8 in Transmutations
   443 | D        | Found an iron altar of Okawaru.
   446 | D        | Found a bloodstained altar of Trog.
   540 | D        | Learned a level 4 spell: Ice Form
   541 | D        | Found a snail-covered altar of Cheibriados.
   541 | D        | Found a viscous altar of Jiyva.
   541 | D        | Found a shadowy altar of Dithmenos.
   541 | D        | Found a blossoming altar of Fedhas.
   541 | D        | Noticed a slime creature
   552 | D        | Killed a slime creature
   552 | D        | Reached skill level 9 in Transmutations
   552 | D        | Your scales start taking on a dull iron-grey colour.
   552 | D        | Reached XP level 7. HP: 46/66 MP: 11/15
   552 | D        | Gained mutation: You can survive without breathing. [Grey Draconian growth]
   578 | D        | Noticed Sonja
   586 | D        | Killed Sonja
   586 | D        | Reached ** piety under Sif Muna
   586 | D        | Reached *** piety under Sif Muna
   586 | D        | Reached skill level 10 in Transmutations
   586 | D        | Reached XP level 8. HP: 55/74 MP: 11/18
   791 | D        | Noticed a deep troll
   800 | D        | Killed a deep troll
   800 | D        | Reached skill level 11 in Transmutations
   810 | D        | Found Beal's Armour Emporium.
   829 | D        | Found Animinti's Gadget Boutique.
   896 | D        | Killed a gargoyle
  1066 | D        | Noticed a kobold demonologist
  1067 | D        | Noticed a kobold demonologist
  1068 | D        | Noticed a sixfirhy
  1069 | D        | Reached skill level 1 in Ice Magic
  1072 | D        | Killed a kobold demonologist
  1072 | D        | Reached **** piety under Sif Muna
  1072 | D        | Reached XP level 9. HP: 78/84 MP: 16/20
  1073 | D        | Noticed a smoke demon
  1076 | D        | Gained mutation: You are frail (-10% HP). [a neqoxec]
  1077 | D        | Killed from afar by a smoke demon

Skill      XL: |  1  2  3  4  5  6  7  8 |
---------------+-------------------------+-----
Fighting       | 2 4 5 7 8 9 |  9.6
Dodging        | 2 3 4 5 6 7 |  7.3
Unarmed Combat | 4 5 6 8 9 |  9.8
Transmutations | 3 4 6 7 9 10 11 | 11.6
Spellcasting   | 3 4 5 6 7 |  7.7
Ice Magic      | 1 |  1.2
Poison Magic   | |  0.2

Action                   |  1- 3 |  4- 6 |  7- 9 || total
-------------------------+-------+-------+-------++-------
Melee: Unarmed           |    57 |    24 |    19 ||   100
       Tailslap          |     3 |       |       ||     3
       Headbutt          |     2 |       |       ||     2
       Kick              |     4 |       |       ||     4
 Cast: Beastly Appendage |     5 |       |       ||     5
       Sticks to Snakes  |     2 |       |       ||     2
       Spider Form       |       |     4 |       ||     4
       Ice Form          |       |       |     3 ||     3
  Use: Potion            |       |       |     2 ||     2
 Stab: Sleeping          |       |     1 |       ||     1
  Eat: Bread ration      |       |       |     1 ||     1
Armor: Skin              |    16 |       |     9 ||    25
Dodge: Dodged            |    31 |    14 |    25 ||    70
